 Dungeon Crawl Stone Soup version 0.23.0-33-g5e6c059fef (webtiles) character file.

Game seed: 0

2970 PikkenKukken the Slicer (level 9, -4/48 HPs)
             Began as a Spriggan Berserker on Feb 26, 2019.
             Was an Elder of Trog.
             Slain by an orc warrior
             ... wielding a +0 halberd
              (10 damage)
             ... on level 8 of the Dungeon on Feb 27, 2019.
             The game lasted 00:19:08 (9396 turns).

PikkenKukken the Slicer (Spriggan Berserker)        Turns: 9396, Time: 00:19:08

Health: -4/48      AC: 13    Str: 14    XL:     9   Next: 52%
Magic:  13/13      EV:  6    Int:  8    God:    Trog [****..]
Gold:   291        SH:  0    Dex: 20    Spells: 8/8 levels left

rFire    + . .     SeeInvis +   x - +2 dagger (drain)
rCold    + . .     Gourm    .   (shield restricted)
rNeg     . . .     Faith    .   E - +0 gold dragon scales
rPois    +         Spirit   .   (helmet restricted)
rElec    .         Reflect  .   f - +0 cloak
rCorr    .         Harm     .   (gloves unavailable)
MR       +....                  (boots unavailable)
Stlth    ..........             o - amulet of the acrobat
HPRegen  0.16/turn              t - +2 ring of dexterity
MPRegen  0.13/turn              u - ring of poison resistance

@: very quick
A: very small, unfitting armour, see invisible, herbivore, speed 3, slow
metabolism 2
a: Berserk, Trog's Hand, Brothers in Arms, Renounce Religion


You were on level 8 of the Dungeon.
You worshipped Trog.
Trog was greatly pleased with you.
You were not hungry.

You visited 1 branch of the dungeon, and saw 8 of its levels.

You collected 291 gold pieces.

Inventory:

Hand Weapons
 a - a +0 short sword
 x - a +2 dagger of draining (weapon)
Missiles
 w - a throwing net (quivered)
Armour
 b - a +1 animal skin
 f - a +0 cloak (worn)
 E - +0 gold dragon scales (worn)
Jewellery
 h - an uncursed ring of resist corrosion
 o - an amulet of the acrobat (around neck)
 r - an uncursed ring of protection from cold
 t - a +2 ring of dexterity (left hand)
 u - a ring of poison resistance (right hand)
 v - an uncursed ring of ice
 y - a -3 ring of intelligence
 F - an uncursed amulet of guardian spirit {unknown}
Wands
 l - a wand of random effects (13)
 C - a wand of disintegration (13)
Scrolls
 d - 6 scrolls of identify
 i - 4 scrolls of enchant armour
 p - 2 scrolls of magic mapping
 q - 2 scrolls of teleportation
 A - 2 scrolls of blinking
 B - a scroll of enchant weapon
Potions
 e - a potion of lignification {unknown}
 g - a potion of agility {unknown}
 j - 2 potions of magic
 k - 3 potions of curing
 m - a potion of brilliance {unknown}
 n - a potion of resistance {unknown}
 s - a potion of berserk rage {unknown}
 z - 2 potions of might
 D - a potion of invisibility {unknown}
Comestibles
 c - 5 rations


   Skills:
 + Level 5.8 Fighting
 * Level 10.4 Short Blades
 + Level 10.1 Dodging
 + Level 1.2 Stealth
 + Level 4.1 Evocations


You had 8 spell levels left.
You didn't know any spells.
Your spell library was empty.

Dungeon Overview and Level Annotations

Branches:
Dungeon (8/15)             Temple (0/1) D:7
   Lair: D:8-11

Altars:
Cheibriados
Nemelex Xobeh
Vehumet
Wu Jian
Xom
The Shining One

Shops:
D:6 }   D:7 [


Innate Abilities, Weirdness & Mutations

You are very small and have problems with some larger weapons.
You are too small for most types of armour.
You have supernaturally acute eyesight. (SInv)
You are a herbivore.
You cover ground extremely quickly.
You need to consume almost no food.


Message History

You hit the orc wizard. You drain the orc wizard.
The orc wizard is almost dead.
The orc wizard gestures at you while chanting.
The puff of flame hits you. You resist.
You closely miss the orc wizard.
The orc wizard is almost dead.
The orc hits you but does no damage.
The orc warrior hits you from afar with a +0 halberd!
* * * LOW HITPOINT WARNING * * *
Your gold dragon scales prevents you from hitting the orc wizard.
The orc wizard is almost dead.
The orc wizard gestures wildly while chanting.
The orc wizard flickers and vanishes for a moment.
You hit the orc wizard.
The orc wizard is almost dead.
The orc hits you but does no damage.
Your gold dragon scales prevents you from hitting the orc wizard.
The orc wizard is almost dead.
The orc warrior hits you from afar with a +0 halberd!
You die...

#......###.
#..........
#...#.....
#........ ..
......# ...
####..o..# ...
#....oo#.##.#
#....@##....#
####.....#....#
##..#.......#
##.<.........#
#..........###
#......#....###
#......>......#
#####...........#
###...#......


You could see an orc warrior, an orc wizard (invisible) and an orc.

Vanquished Creatures
  A two-headed ogre (D:7)
  A hippogriff (D:7)
  3 sky beasts
  A phantom (D:4)
  An ogre (D:7)
  2 centaurs
  A big kobold (D:3)
  A bullfrog (D:7)
  A scorpion (D:5)
  5 wights
  3 howler monkeys
  An electric eel (D:6)
  3 crimson imps
  3 bullfrog zombies
  A bullfrog skeleton (D:4)
  An orc priest (D:5)
  4 hounds
  A centaur skeleton (D:4)
  2 iguanas (D:4)
  5 orc wizards
  2 worker ants
  A killer bee zombie (D:5)
  A hound skeleton (D:5)
  A worker ant zombie (D:6)
  4 gnolls
  A howler monkey skeleton (D:5)
  12 adders
  2 shadow imps
  An adder skeleton (D:6)
  An adder zombie (D:5)
  5 worms
  8 dart slugs
  3 leopard geckos
  18 orcs
  5 bats
  6 giant cockroaches
  9 goblins
  8 hobgoblins
  6 jackals
  10 kobolds
  3 quokkas
  2 ball pythons (D:5)
  5 frilled lizards
  5 rats
160 creatures vanquished.

Vanquished Creatures (others)
  A plant (D:5)
1 creature vanquished.

Grand Total: 161 creatures vanquished

Notes
Turn   | Place    | Note
-------+----------+-------------------------------------------
     0 | D:1      | PikkenKukken the Spriggan Berserker began the quest for the
                  | Orb.
     0 | D:1      | Reached XP level 1. HP: 11/11 MP: 2/2
    43 | D:1      | Reached XP level 2. HP: 16/16 MP: 3/3
   646 | D:1      | Reached XP level 3. HP: 18/19 MP: 4/4
   893 | D:1      | Reached skill level 5 in Dodging
  1132 | D:2      | Reached ** piety under Trog
  1762 | D:2      | Reached XP level 4. HP: 22/23 MP: 5/5
  1928 | D:2      | Found a sparkling altar of Nemelex Xobeh.
  2481 | D:3      | Noticed a big kobold
  2491 | D:3      | Killed a big kobold
  2491 | D:3      | Reached skill level 5 in Short Blades
  2491 | D:3      | Reached XP level 5. HP: 28/28 MP: 6/6
  3362 | D:4      | Noticed a phantom
  3477 | D:4      | Killed a phantom
  3477 | D:4      | Reached XP level 6. HP: 15/32 MP: 7/7
  4492 | D:4      | Found a glowing golden altar of the Shining One.
  4544 | D:4      | Reached *** piety under Trog
  4654 | D:4      | Found a sparkling altar of Nemelex Xobeh.
  4654 | D:4      | Found a shimmering altar of Xom.
  4656 | D:4      | Found a shimmering altar of Xom.
  4656 | D:4      | Found a snail-covered altar of Cheibriados.
  4656 | D:4      | Found an ornate altar of the Wu Jian Council.
  4767 | D:5      | Entered Level 5 of the Dungeon
  4781 | D:4      | Reached XP level 7. HP: 32/37 MP: 8/8
  4956 | D:5      | Identified the cursed +0 falchion of Unpleasantness {slice,
                  | rF+ rC- Dex+2}
  5667 | D:5      | Reached XP level 8. HP: 24/42 MP: 9/9
  5690 | D:5      | HP: 2/42 [bullfrog zombie (7)]
  6140 | D:5      | Reached **** piety under Trog
  6255 | D:5      | Found a radiant altar of Vehumet.
  7029 | D:6      | Found Duyvuczo's Gadget Shoppe.
  7138 | D:6      | Reached skill level 5 in Fighting
  7900 | D:6      | Reached skill level 1 in Evocations
  8190 | D:7      | Found a staircase to the Ecumenical Temple.
  8247 | D:7      | Noticed a two-headed ogre
  8263 | D:7      | Killed a two-headed ogre
  8263 | D:7      | Reached skill level 10 in Short Blades
  8263 | D:7      | Reached XP level 9. HP: 47/47 MP: 10/12
  8509 | D:7      | Reached skill level 10 in Dodging
  8652 | D:7      | Found Ehietse's Antique Armour Shop.
  8728 | D:7      | Reached skill level 1 in Stealth
  8875 | D:7      | Identified a scroll of acquirement
  9396 | D:8      | Slain by an orc warrior

Skill      XL: |  1  2  3  4  5  6  7  8  9 |
---------------+----------------------------+-----
Short Blades   | 4 5 6 7 10 | 10.4
Dodging        | 5 6 7 8 9 10 | 10.1
Fighting       | 3 4 5 |  5.8
Evocations     | 3 4 |  4.1
Stealth        | 1 |  1.2

Action                   |  1- 3 |  4- 6 |  7- 9 || total
-------------------------+-------+-------+-------++-------
Melee: Short sword       |   133 |   298 |    28 ||   459
       Dagger            |       |       |   500 ||   500
Invok: Berserk           |     4 |     8 |     7 ||    19
       Trog's Hand       |       |     1 |     1 ||     2
Evoke: Wand              |       |       |     7 ||     7
  Use: Scroll            |     5 |     5 |     7 ||    17
 Stab: Sleeping          |     4 |     2 |       ||     6
  Eat: Ration            |     1 |     5 |     7 ||    13
Armor: Animal skin       |     7 |    12 |    21 ||    40
       Gold dragon scale |       |       |     5 ||     5
Dodge: Dodged            |    91 |   193 |   331 ||   615
